 Dungeon Crawl Stone Soup version 0.19-a0-1850-g63fd1ff (webtiles) character file.

5653 Naow the Severer (level 10, -14/115 HPs)
             Began as a Minotaur Berserker on Oct 10, 2016.
             Was a High Priest of Trog.
             Shot with an arrow by a centaur warrior (18 damage)
             ... on level 10 of the Dungeon.
             The game lasted 00:16:14 (7664 turns).

Naow the Severer (Minotaur Berserker)               Turns: 7664, Time: 00:16:14

Health: -14/115    AC: 12    Str: 28    XL:     10   Next: 46%
Magic:  9/9        EV:  7    Int:  7    God:    Trog [*****.]
Gold:   534        SH:  3    Dex:  9    Spells: 0 memorised, 9 levels left

rFire  . . .     SeeInvis .     J - +2 war axe (freeze)
rCold  + . .     Gourm    .     G - +0 plate armour
rNeg   . . .     Faith    +     z - +1 buckler {rC+}
rPois  .         Spirit   .     (helmet restricted)
rElec  .         Dismiss  .     (no cloak)
rCorr  +         Reflect  .     (no gloves)
MR     .....     Harm     .     F - +0 pair of boots
Stlth  ..........               t - amulet of faith
                                C - +4 ring of slaying
                                o - ring of resist corrosion

@: berserking, very quick
A: retaliatory headbutt, horns 2
a: Berserk, Trog's Hand, Brothers in Arms, Burn Spellbooks, Renounce Religion


You were on level 10 of the Dungeon.
You worshipped Trog.
Trog was extremely pleased with you.
You were hungry.

You visited 1 branch of the dungeon, and saw 10 of its levels.

You collected 534 gold pieces.

Inventory:

Hand Weapons
 a - a +0 hand axe
 J - a +2 war axe of freezing (weapon)
 K - the +4 Vampire's Tooth {vamp}
   (You found it on level 6 of the Dungeon)

   It inflicts no extra harm, but heals its wielder when it wounds a living foe.
 Q - a +2 battleaxe of chopping
 X - a +2 battleaxe of chopping
Armour
 b - a +0 animal skin
 z - a +1 buckler of cold resistance (worn)
 B - a +0 chain mail
 F - a +0 pair of boots (worn)
 G - a +0 plate armour (worn)
Jewellery
 o - a ring of resist corrosion (left hand)
 t - an amulet of faith (around neck)
 C - a +4 ring of slaying (right hand)
Wands
 x - a wand of lightning (5/15)
 I - a wand of hasting (2/9)
 L - a wand of confusion (24/48)
 O - a wand of disintegration (10/24)
 T - a wand of polymorph (14/24)
Scrolls
 e - 8 scrolls of teleportation {unknown}
 g - 8 scrolls of identify {unknown}
 h - 5 scrolls of enchant armour {unknown}
 k - 3 scrolls of amnesia {unknown}
 l - 6 scrolls of recharging {unknown}
 q - 2 scrolls of magic mapping {unknown}
 r - a scroll of noise {unknown}
 u - 3 scrolls of fear {unknown}
 v - 3 scrolls of immolation {unknown}
 w - 2 scrolls of fog {unknown}
 y - 10 scrolls of remove curse {unknown}
 H - 3 scrolls of enchant weapon {unknown}
 N - a scroll of summoning {unknown}
 P - a scroll of silence {unknown}
 S - 3 scrolls of blinking {unknown}
 V - a scroll of vulnerability {unknown}
Potions
 j - 2 potions of mutation {unknown}
 n - a potion of agility {unknown}
 p - 3 potions of curing
 s - 2 potions of heal wounds
 D - a potion of invisibility {unknown}
 E - a potion of berserk rage {unknown}
 R - 3 potions of flight {unknown}
 W - a potion of lignification {unknown}
Books
 M - a book of Minor Magic

   Spells                             Type                      Level
   a - Magic Dart                     Conjuration                  1
   b - Blink                          Translocation                2
   c - Call Imp                       Summoning                    2
   d - Repel Missiles                 Charms/Air                   2
   e - Slow                           Hexes                        2
   f - Conjure Flame                  Conjuration/Fire             3
   g - Mephitic Cloud                 Conjuration/Poison/Air       3
   Trog disapproves of the use of such an item.
Comestibles
 c - 12 bread rations
 d - 2 slices of pizza
 f - 6 meat rations
 i - 8 beef jerkies
 m - 4 fruits
 A - a royal jelly
 U - a chunk of flesh


   Skills:
 - Level 3.6 Fighting
 + Level 17.5 Axes
 - Level 2.4 Armour
 - Level 2.1 Dodging


You had 9 spell levels left.
You didn't know any spells.

Dungeon Overview and Level Annotations

Branches:
Dungeon (10/15)            Temple (0/1) D:7            Lair (0/6) D:10
    Orc: D:9-12

Altars:
Ashenzari
Cheibriados
Dithmenos
Elyvilon
Kikubaaqudgha
Makhleb
Nemelex Xobeh
Sif Muna
Trog
Uskayaw
Xom
The Shining One

Shops:
D:5 *


Innate Abilities, Weirdness & Mutations

You reflexively headbutt those who attack you in melee.
You have a pair of horns on your head.


Message History

You slash the jelly! You freeze the jelly.
You kill the jelly!
Trog accepts your kill.
The centaur warrior shoots an arrow.
The arrow hits you!
The centaur warrior shoots an arrow.
The arrow hits you!
You see here an arrow.
The centaur warrior shoots an arrow.
The arrow hits you!
* * * LOW HITPOINT WARNING * * *
You see here an arrow.
You are too injured to fight recklessly!
A red film seems to cover your vision as you go berserk!
You feel yourself moving faster!
You feel mighty!
You are feeling hungry.
The centaur warrior shoots an arrow.
The arrow hits you!
* * * LOW HITPOINT WARNING * * *
You are too injured to fight recklessly!
You are too berserk!
You feel a strong urge to attack something.
The centaur warrior shoots an arrow.
The arrow hits you!!
You die...

#.# #.####.# #.
#.# #.# #.### ##
#.# #.# #.#.. #
#.# #.# #.#.# #
#.# #.# #.#.#
.###### #.#
#.#.# ....... #.
###(#.###.#
.######
##.##)(.......#
#.######
$.......@(.....#
#.......
##############c#
######## # # # .
##


You could see a centaur warrior.

Vanquished Creatures
  A centaur skeleton (D:10)
  2 hippogriffs
  Eustachio (D:4)
  A hungry ghost (D:9)
  A soldier ant (D:10)
  4 phantoms
  4 sky beasts
  2 orc warriors
  A black bear (D:8)
  6 ogres
  2 eyes of draining
  4 ice beasts
  2 big kobolds (D:8)
  3 bullfrogs
  5 scorpions
  2 wyvern skeletons
  4 wights (D:6)
  3 killer bees (D:8)
  2 vampire bats (D:6)
  3 howler monkeys
  2 centaur zombies
  3 bullfrog zombies
  A quasit (D:10)
  2 jellies
  4 orc priests
  5 hounds
  7 orc wizards
  An iguana (D:5)
  11 worker ants
  A hound zombie (D:8)
  4 worker ant zombies
  Robin (D:4)
  3 gnolls (D:6)
  A howler monkey skeleton (D:8)
  12 adders
  A shadow imp (D:7)
  A white imp (D:7)
  2 oozes
  An adder zombie (D:9)
  An adder skeleton (D:4)
  A worm (D:2)
  2 leopard geckos (D:5)
  28 orcs
  A giant cockroach (D:5)
  12 goblins
  9 hobgoblins
  8 jackals
  12 kobolds
  A quokka (D:4)
  3 ball pythons
  A ball python zombie (D:5)
  11 bats
  3 frilled lizards
  A goblin skeleton (D:7)
  3 goblin zombies (D:7)
  A hobgoblin zombie (D:7)
  2 kobold skeletons (D:7)
  A kobold zombie (D:7)
  A leopard gecko zombie (D:5)
  3 orc zombies (D:7)
  A quokka skeleton (D:8)
  A quokka zombie (D:5)
  5 rats
228 creatures vanquished.

Vanquished Creatures (others)
  A human (D:3)
1 creature vanquished.

Grand Total: 229 creatures vanquished

Notes
Turn   | Place    | Note
-------+----------+-------------------------------------------
     0 | D:1      | Naow the Minotaur Berserker began the quest for the Orb.
     0 | D:1      | Reached XP level 1. HP: 19/19 MP: 0/0
   106 | D:1      | Reached skill level 4 in Axes
   349 | D:1      | Reached XP level 2. HP: 26/26 MP: 1/1
   671 | D:2      | Reached skill level 5 in Axes
   671 | D:2      | Reached XP level 3. HP: 6/31 MP: 2/2
   676 | D:2      | HP: 2/46 [adder (4)]
   962 | D:2      | Reached ** piety under Trog
   964 | D:2      | Reached XP level 4. HP: 33/39 MP: 3/3
  1033 | D:2      | Reached skill level 6 in Axes
  1403 | D:3      | Found an ancient bone altar of Kikubaaqudgha.
  1416 | D:3      | Reached skill level 7 in Axes
  1416 | D:3      | Reached XP level 5. HP: 7/45 MP: 4/4
  1638 | D:3      | Noticed a human
  1641 | D:3      | Killed a human
  1824 | D:3      | Found a white marble altar of Elyvilon.
  1976 | D:4      | Found a shadowy altar of Dithmenos.
  2380 | D:3      | Reached skill level 8 in Axes
  2442 | D:4      | Reached XP level 6. HP: 45/51 MP: 5/5
  2643 | D:4      | Noticed Eustachio
  2658 | D:4      | Killed Eustachio
  2658 | D:4      | Reached skill level 9 in Axes
  2658 | D:4      | Reached XP level 7. HP: 48/57 MP: 6/6
  2746 | D:4      | Reached skill level 10 in Axes
  2855 | D:4      | Noticed Robin
  2866 | D:4      | Killed Robin
  3106 | D:4      | Found a burning altar of Makhleb.
  3273 | D:5      | Entered Level 5 of the Dungeon
  3273 | D:5      | Found Vanagua's General Store.
  3274 | D:5      | You fall through a shaft for 2 floors!
  3303 | D:7      | Reached *** piety under Trog
  3339 | D:5      | Reached skill level 11 in Axes
  3492 | D:5      | Reached XP level 8. HP: 64/64 MP: 7/7
  3653 | D:5      | Reached skill level 12 in Axes
  3941 | D:5      | Found a hide-covered altar of Uskayaw.
  3941 | D:5      | Found a sparkling altar of Nemelex Xobeh.
  3942 | D:5      | Found a snail-covered altar of Cheibriados.
  4154 | D:6      | Found a shattered altar of Ashenzari.
  4247 | D:6      | Reached skill level 13 in Axes
  4580 | D:6      | Reached **** piety under Trog
  4727 | D:6      | Found a shimmering altar of Xom.
  4945 | D:6      | Reached XP level 9. HP: 70/70 MP: 8/8
  5153 | D:7      | Found a staircase to the Ecumenical Temple.
  5191 | D:7      | Found a glowing golden altar of the Shining One.
  5275 | D:7      | Reached skill level 14 in Axes
  5370 | D:7      | Found a bloodstained altar of Trog.
  5868 | D:8      | Reached skill level 15 in Axes
  5911 | D:8      | Reached ***** piety under Trog
  6245 | D:8      | Reached skill level 16 in Axes
  6633 | D:9      | Reached XP level 10. HP: 61/77 MP: 9/9
  6639 | D:9      | Received a gift from Trog
  6804 | D:9      | Found a deep blue altar of Sif Muna.
  7182 | D:10     | Entered Level 10 of the Dungeon
  7233 | D:10     | Found a staircase to the Lair.
  7312 | D:10     | Reached skill level 17 in Axes
  7537 | D:10     | Received a gift from Trog
  7657 | D:10     | Noticed a centaur warrior
  7663 | D:10     | HP: 4/115 [centaur warrior/arrow (15)]
  7664 | D:10     | Shot with an arrow by a centaur warrior

Vault maps used:
D:1:      sevenhm_arrival_forest_fort_large_4
D:2:      minmay_pentomino_s4
D:3:      lemuel_doored_altar, tgw_kikubaaqudgha
D:4:      kennysheep_little_box, nicolae_overflow_crystal_walls, first_bread,
          uniq_eustachio, uniq_robin
D:5:      gammafunk_temple_overflow_forgotten, serial_shops, shop, uniq_sigmund
D:6:      lemuel_round_altar, xom_teletrap_fun,
          minmay_guarded_unrand_vampires_tooth
D:7:      nicolae_tso_besieged_by_evil, kennysheep_mini_moat
D:8:      serial_glass, glass_columns_c, glass_columns_a,
          minmay_strange_pillars, feat_on_display, unseen_surprise_small
D:9:      nicolae_overflow_hidden_temple, lemuel_blue_sif_altar,
          grunt_ogre_cave, kennysheep_generic_room_15
D:10:     lair_0_dummy

Skill      XL: |  1  2  3  4  5  6  7  8  9 10 |
---------------+-------------------------------+-----
Axes           | 4 5 7 8 9 11 13 16 17 | 17.5
Fighting       | |  3.6
Armour         | |  2.4
Dodging        | |  2.1

Action                   |  1- 3 |  4- 6 |  7- 9 | 10-12 || total
-------------------------+-------+-------+-------+-------++-------
Melee: Hand axe          |    48 |    82 |   197 |       ||   327
       Headbutt          |     5 |    20 |    65 |    19 ||   109
       War axe           |       |       |   136 |    82 ||   218
Invok: Berserk           |     3 |     1 |     4 |     1 ||     9
       Trog's Hand       |       |     1 |       |       ||     1
  Use: Potion            |     1 |       |       |       ||     1
  Eat: Chunk             |     2 |     5 |    14 |     5 ||    26
       Meat ration       |       |     1 |       |       ||     1
Armor: Animal skin       |     9 |     2 |       |       ||    11
       Chain mail        |       |    12 |    11 |       ||    23
       Plate armour      |       |       |   118 |    29 ||   147
Dodge: Dodged            |    36 |    41 |    55 |    17 ||   149
Block: Buckler           |       |     6 |    32 |     4 ||    42
